Map: Ever Dream LE

Players

Kelazhur

  • Race: Terran Terran
  • League: Master
  • Spawn Location: 7:00

SpeCial - Winner!

  • Race: Terran Terran
  • Spawn Location: 1:00

Event: DreamHack SC2 Masters 2020 Fall

VOD

Have the link to the VOD?

Description

Time

  • Played on: Aug. 27, 2020, 6:39 p.m.
  • Length: 14:40

All games in this series

Show
View Real Time Build Order
Export as new Build Order

Kelazhur Terran 

Build Orders: Reaper Expand 

Get SALT Encoding   

  12  0:00  SCV  
  13  0:12  SCV  
  14  0:16  Supply Depot  
  14  0:24  SCV  
  15  0:38  SCV, Barracks  
  16  0:43  Refinery  
  16  0:50  SCV  
  17  1:02  SCV  
  18  1:14  SCV  
  19  1:26  Reaper, Orbital Command  
  20  1:40  Command Center  
  20  1:52  SCV, Supply Depot  
  21  1:58  Marine  
  22  2:07  Factory  
  23  2:08  SCV  
  23  2:14  Refinery  
  23  2:20  SCV  
  23  2:21  Barracks Reactor  
  24  2:38  SCV  
  25  2:50  SCV  
  25  2:51  Hellion  
  28  2:52  Starport  
  28  2:53  Orbital Command  
  28  2:57  Marine x2  
  30  3:02  SCV  
  29  3:12  Factory Tech Lab  
  29  3:14  SCV  
  29  3:15  Marine x2  
  29  3:19  SCV  
  33  3:26  SCV  
  34  3:31  SCV  
  34  3:34  Siege Tank  
  38  3:38  Medivac  
  38  3:39  SCV  
  38  3:40  Marine x2  
  43  3:47  Supply Depot  
  43  3:48  SCV  
  44  3:51  SCV  
  45  3:58  Marine  
  45  4:01  Supply Depot  
  46  4:08  SCV, Marine  
  46  4:09  SCV  
  49  4:16  Marine  
  48  4:19  Siege Tank  
  48  4:20  SCV  
  50  4:30  Viking  
  52  4:34  SCV  
  52  4:36  Command Center  
  50  4:39  SCV  
  50  4:41  Marine x2  
  53  4:46  SCV  
  53  4:47  Supply Depot  
  53  4:51  SCV, Siege Tank  
  58  4:58  Barracks  
  58  4:59  SCV  
  59  5:00  Marine, Barracks  
  59  5:01  Marine  
  61  5:08  SCV  
  61  5:11  SCV  
  63  5:15  Refinery  
  63  5:16  Refinery  
  63  5:17  Starport Reactor  
  63  5:20  SCV  
  64  5:23  SCV  
  64  5:24  Supply Depot  
  65  5:34  SCV  
  64  5:41  SCV  
  64  5:42  Factory Tech Lab  
  65  5:46  Stimpack, Marine  
  64  5:52  SCV  
  64  5:54  Engineering Bay, Orbital Command, Barracks  
  64  5:55  Engineering Bay, Barracks  
  64  5:56  SCV  
  66  6:00  Marine x2  
  66  6:02  Siege Tank  
  66  6:04  SCV, Marine  
  71  6:08  SCV  
  74  6:16  SCV  
  74  6:18  Marine x2  
  77  6:19  Starport Reactor  
  77  6:20  SCV  
  77  6:25  Terran Infantry Weapons Level 1, Terran Infantry Armor Level 1  
  78  6:27  Marine x3  
  78  6:28  SCV  
  82  6:34  SCV  
  82  6:35  Marine, Siege Tank  
  82  6:36  Marine  
  88  6:41  SCV, Marine  
  88  6:45  Marine  
  88  6:46  SCV  
  91  6:51  Marine x3  
  91  6:53  Marine  
  91  6:55  Marine  
  91  6:58  SCV, Marine  
  91  6:59  Viking  
  92  7:03  Supply Depot  
  92  7:05  Supply Depot  
  92  7:07  SCV, Supply Depot  
  93  7:12  Factory Tech Lab  
  93  7:16  Supply Depot  
  93  7:21  Orbital Command  
  93  7:26  Marine x3  
  93  7:27  SCV x2, Marine  
  93  7:29  Viking  
  95  7:37  Factory Tech Lab  
  95  7:39  SCV x2  
  95  7:41  Marine  
  95  7:42  Marine x2  
  95  7:44  Marine x2  
  99  7:49  SCV  
  99  7:50  Marine x2  
  99  7:52  SCV x2  
  101  7:59  Marine  
  101  8:00  Marine  
  101  8:01  SCV  
  101  8:04  SCV x2  
  106  8:06  Armory, Supply Depot  
  106  8:07  Siege Tank  
  109  8:13  SCV, Marine  
  109  8:14  Supply Depot  
  109  8:16  SCV, Supply Depot  
  109  8:18  Combat Shield  
  109  8:19  Starport Reactor  
  112  8:21  SCV  
  112  8:23  Marine  
  112  8:25  SCV  
  115  8:28  Refinery  
  115  8:30  Refinery  
  115  8:31  Barracks Reactor x2, Marine x2  
  115  8:32  SCV  
  118  8:39  Supply Depot, Siege Tank  
  118  8:40  Marine x2  
  123  8:46  Sensor Tower  
  123  8:52  Marine  
  123  8:55  SCV x2, Sensor Tower  
  124  8:56  SCV  
  124  8:58  Marine  
  124  8:59  Marine x2  
  130  9:07  Supply Depot  
  130  9:14  Marine x4, Siege Tank  
  130  9:16  Command Center, Missile Turret  
  137  9:19  Marine  
  137  9:20  Terran Infantry Weapons Level 2  
  137  9:23  Terran Infantry Armor Level 2  
  138  9:28  Marine  
  138  9:29  Medivac x2  
  143  9:35  Marine x3  
  143  9:36  Marine x4  
  143  9:37  Marine  
  150  9:40  Supply Depot  
  150  9:46  Marine  
  150  9:47  Siege Tank  
  150  9:52  Factory  
  154  9:53  Supply Depot, Marine x3  
  154  9:54  Supply Depot  
  154  9:56  Marine  
  154  9:57  Terran Vehicle Weapons Level 1  
  157  10:01  Marine  
  157  10:03  Medivac x2  
  157  10:04  Marine x3  
  165  10:08  Supply Depot  
  165  10:15  Marine x3  
  165  10:20  Marine x3  
  171  10:21  Marine  
  171  10:22  Marine x2  
  173  10:29  Siege Tank  
  173  10:32  Marine x2  
  178  10:39  Marine  
  179  10:50  Marine  
  179  10:51  Medivac x2  
  179  10:53  Marine x3  
  158  11:01  Marine, Siege Tank  
  158  11:02  Factory Tech Lab  
  158  11:03  SCV x3  
  165  11:06  Barracks  
  165  11:09  Marine x5, Barracks  
  165  11:11  Marine x3, Sensor Tower  
  170  11:16  SCV  
  170  11:17  SCV x2  
  174  11:20  Marine  
  173  11:26  Marine  
  173  11:28  Marine  
  173  11:29  Marine x2  
  173  11:30  Marine x4  
  173  11:31  Siege Tank  
  173  11:32  Medivac  
  180  11:38  Marine  
  166  11:40  Medivac  
  166  11:44  Marine  
  166  11:46  Marine  
  162  11:47  Marine  
  162  11:52  Marine  
  162  11:53  Marine  
  154  11:58  Marine x3  
  154  12:00  Barracks Reactor x2  
  157  12:03  Marine  
  157  12:04  Factory  
  151  12:10  Command Center  
  151  12:12  Marine  
  151  12:15  Marine  
  151  12:18  Marine x2, Factory Tech Lab  
  151  12:19  Marine x3  
  151  12:21  Marine  
  153  12:32  Starport Reactor  
  153  12:39  Marine, Siege Tank  
  153  12:44  Sensor Tower  
  153  12:46  Marine  
  153  12:47  Marine x4  
  156  12:54  Marine x5  
  158  13:01  Marine x2  
  158  13:04  Marine x5  
  163  13:11  Marine  
  163  13:12  Marine x4  
  156  13:16  Siege Tank  
  156  13:19  Marine x2  
  161  13:26  Viking x2  
  165  13:32  Marine  
  157  13:42  Marine x2  
  157  13:45  Marine  
  160  13:48  Siege Tank  
  160  13:49  Marine x2  
  160  13:51  Marine  
  160  13:52  Marine x2  
  160  13:54  Factory Tech Lab  
  168  13:56  Viking x2  
  168  13:57  Marine  
  148  14:13  Marine  
  148  14:14  Marine x7  
  148  14:15  Marine  
Show
View Real Time Build Order
Export as new Build Order

SpeCial Terran - Winner!

Build Orders:  

Get SALT Encoding   

  12  0:00  SCV  
  13  0:12  SCV  
  14  0:17  Supply Depot  
  14  0:25  SCV  
  15  0:39  SCV  
  15  0:40  Barracks  
  16  0:43  Refinery  
  16  0:51  SCV  
  16  0:52  Refinery  
  17  1:03  SCV  
  18  1:15  SCV  
  19  1:29  Reaper, Orbital Command  
  19  1:30  Supply Depot  
  20  1:43  Factory  
  20  1:56  SCV  
  21  2:01  Reaper  
  21  2:08  SCV  
  23  2:20  SCV  
  24  2:25  Command Center  
  24  2:33  Hellion  
  26  2:37  SCV  
  26  2:45  Starport  
  26  2:46  Barracks Reactor  
  26  2:51  Supply Depot  
  26  2:53  SCV  
  27  2:59  Factory Tech Lab  
  27  3:11  SCV  
  27  3:21  Siege Tank  
  29  3:27  Marine x2  
  29  3:31  SCV, Medivac  
  34  3:38  Refinery  
  34  3:42  Orbital Command  
  34  3:45  SCV, Marine x2  
  37  3:56  Cyclone  
  37  4:00  SCV  
  41  4:03  Marine x2  
  41  4:09  SCV  
  44  4:10  Starport Tech Lab  
  44  4:12  SCV  
  43  4:21  SCV, Marine x2  
  46  4:26  SCV  
  46  4:29  Raven  
  48  4:33  SCV  
  49  4:39  SCV  
  52  4:46  SCV  
  52  4:51  SCV  
  52  4:56  Command Center  
  52  4:58  SCV  
  53  5:01  Supply Depot  
  53  5:03  SCV  
  54  5:17  Supply Depot  
  54  5:22  SCV, Raven, Marine x2, Siege Tank  
  62  5:37  SCV x2  
  62  5:40  Marine x2  
  62  5:49  SCV  
  63  5:50  SCV  
  63  5:53  Refinery  
  63  5:56  Siege Tank  
  67  6:01  SCV  
  67  6:02  Barracks  
  70  6:05  Supply Depot, Barracks  
  70  6:08  SCV  
  70  6:09  Supply Depot  
  70  6:10  Orbital Command  
  69  6:13  SCV  
  69  6:16  Liberator x2  
  69  6:18  Marine  
  77  6:20  SCV  
  77  6:25  SCV, Stimpack  
  79  6:29  Supply Depot  
  79  6:32  SCV  
  80  6:34  Siege Tank  
  80  6:35  Marine  
  80  6:37  SCV  
  80  6:38  SCV  
  86  6:44  SCV  
  87  6:49  SCV, Engineering Bay  
  87  6:51  SCV, Engineering Bay  
  89  6:56  SCV  
  89  6:58  Barracks Reactor  
  89  6:59  Barracks Reactor, Marine  
  91  7:01  SCV  
  91  7:03  SCV  
  91  7:06  Siege Tank  
  97  7:08  SCV  
  97  7:09  Barracks  
  97  7:14  SCV  
  97  7:15  SCV  
  99  7:16  Viking  
  99  7:18  Viking  
  99  7:20  SCV  
  104  7:28  SCV  
  105  7:31  Marine  
  105  7:33  SCV, Terran Infantry Weapons Level 1, Terran Infantry Armor Level 1  
  107  7:45  Siege Tank  
  107  7:47  Marine x4  
  107  7:49  Marine  
  109  7:54  Supply Depot x2  
  109  7:55  SCV x3  
  109  7:57  Viking  
  114  8:00  Barracks Reactor  
  114  8:05  Viking  
  116  8:07  SCV  
  117  8:14  Refinery  
  117  8:15  Refinery, Sensor Tower  
  117  8:16  SCV  
  117  8:17  Marine x4  
  117  8:18  Marine  
  123  8:25  Barracks  
  123  8:30  Missile Turret  
  123  8:32  Sensor Tower  
  123  8:35  Marine x4  
  123  8:36  Medivac  
  123  8:38  Medivac  
  131  8:45  Supply Depot  
  131  8:46  Supply Depot  
  131  8:47  Siege Tank  
  134  8:49  Combat Shield  
  134  8:51  Marine x2  
  134  8:53  Marine  
  134  8:55  SCV x2  
  139  9:01  Marine x2  
  141  9:05  Armory  
  141  9:06  Marine x2  
  141  9:07  SCV  
  141  9:08  Supply Depot, Marine  
  142  9:12  Medivac  
  142  9:13  Medivac  
  142  9:16  Marine  
  142  9:17  Marine  
  146  9:19  Marine  
  146  9:21  Barracks Reactor, Siege Tank  
  151  9:24  Marine x3  
  151  9:26  Marine  
  155  9:34  Marine  
  155  9:35  Command Center  
  155  9:37  Marine x2  
  158  9:41  SCV  
  158  9:42  SCV x2, Marine x3  
  158  9:44  Marine  
  163  9:51  Supply Depot  
  163  9:52  Marine  
  164  9:53  Terran Infantry Weapons Level 2  
  164  9:55  Marine  
  164  9:57  Terran Infantry Armor Level 2  
  165  10:04  Supply Depot  
  165  10:12  Marine x5  
  170  10:14  Marine  
  170  10:16  Barracks Reactor, Marine  
  170  10:17  Factory  
  170  10:19  Marine  
  171  10:30  Marine x2  
  171  10:34  Terran Vehicle Weapons Level 1, Supply Depot  
  173  10:45  Medivac, Marine  
  173  10:46  Marine x2  
  173  10:47  Marine x3, Siege Tank  
  173  10:48  Marine x2  
  176  10:52  SCV x2  
  176  10:53  Marine  
  176  10:55  Marine  
  170  11:03  Marine  
  170  11:04  Medivac, Marine x2  
  171  11:05  Marine x2  
  177  11:12  Starport  
  177  11:14  Starport  
  177  11:15  Medivac  
  179  11:19  Marine x2, Siege Tank  
  179  11:20  Marine x3  
  179  11:23  Marine x5  
  172  11:36  Marine  
  172  11:37  Marine x3  
  172  11:38  Marine  
  172  11:39  SCV  
  165  11:40  SCV  
  165  11:41  Marine x5  
  165  11:51  Siege Tank  
  163  11:54  Marine x2  
  163  11:55  Marine x3  
  163  11:58  SCV, Marine x2  
  169  12:02  Starport Tech Lab x2  
  167  12:09  Liberator  
  167  12:11  Marine  
  167  12:14  Marine  
  172  12:16  Marine  
  172  12:20  SCV x3  
  172  12:22  Planetary Fortress  
  174  12:23  Marine  
  175  12:38  Marine  
  175  12:39  Marine  
  175  12:40  SCV, Marine  
  175  12:41  Siege Tank  
  175  12:43  Marine  
  182  12:55  SCV x2  
  182  12:58  SCV x2  
  186  12:59  Marine x3  
  189  13:09  Marine  
  189  13:11  Marine x4  
  182  13:12  Factory Tech Lab  
  182  13:13  Marine, Siege Tank  
  182  13:15  SCV x2  
  182  13:16  Marine  
  188  13:21  SCV  
  188  13:23  Refinery  
  188  13:24  Sensor Tower  
  189  13:30  Marine  
  188  13:34  Marine  
  188  13:37  Siege Tank  
  188  13:38  Marine x2  
  188  13:40  Marine  
  192  13:42  SCV x3  
  192  13:44  Marine  
  196  13:56  Marine x3  
  196  13:57  Siege Tank  
  189  14:03  Marine  
  189  14:05  Marine x2  
  192  14:14  Marine x2  
  192  14:16  Marine  

Tags
 
Add a new tag
Caveats
  • Supply blocks, unpowered buildings, or Contaminate may cause inaccurate times.
  • Supply counts are checked every 10 seconds.